 Dungeon Crawl Stone Soup version 0.29-a0-838-g385bb11a5b (webtiles) character file.

Game seed: 5770876328130510097

1903 RevDB the Conjurer (level 8, -9/70 HPs)
             Began as a White Draconian Conjurer on July 13, 2022.
             Was an Initiate of Okawaru.
             Mangled by MisterPants's ghost (14 damage)
             ... on level 6 of the Dungeon.
             The game lasted 00:48:16 (5969 turns).

RevDB the Conjurer (White Draconian Conjurer)       Turns: 5969, Time: 00:48:17

Health: -9/70      AC:  9    Str: 10    XL:     8   Next: 94%
Magic:  0/23       EV: 13    Int: 19    God:    Okawaru [......]
Gold:   367        SH:  0    Dex: 11    Spells: 8/15 levels left

rFire   . . .      SeeInvis .   D - +0 rapier (drain)
rCold   + . .      Faith    .   (no shield)
rNeg    . . .      Spirit   +   (body armour unavailable)
rPois   .          Reflect  .   d - +0 hat
rElec   .          Harm     .   o - +0 cloak
rCorr   .          Rampage  .   t - +0 pair of gloves
Will    .....                   k - +0 pair of boots
Stlth   ++........              i - amulet of guardian spirit
HPRegen 0.21/turn               y - ring of magical power
MPRegen 0.18/turn               (no ring)

@: short of breath
A: breathe frost, AC +6, unfitting armour, cold resistance 1, cold-blooded
a: Breathe Frost, Renounce Religion


You were on level 6 of the Dungeon.
You worshipped Okawaru.
Okawaru was noncommittal.
You visited 1 branch of the dungeon, and saw 6 of its levels.

You collected 367 gold pieces.

Inventory:

Hand Weapons
 c - a +0 dagger
 g - a +0 short sword
 D - a +0 rapier of draining (weapon)
Armour
 d - a +0 hat (worn)
 k - a +0 pair of boots (worn)
 o - a +0 cloak (worn)
 t - a +0 pair of gloves (worn)
Jewellery
 i - an amulet of guardian spirit (around neck)
 s - an amulet of regeneration
 v - an amulet of reflection
 x - an amulet of faith
 y - a ring of magical power (left hand)
Wands
 A - a wand of paralysis (12)
 G - a wand of digging (9)
 I - a wand of flame (30)
Scrolls
 b - a scroll of immolation {unknown}
 h - 2 scrolls of vulnerability {unknown}
 j - 4 scrolls of identify {unknown}
 l - 3 scrolls of teleportation {unknown}
 q - a scroll of noise {unknown}
 u - a scroll of summoning {unknown}
 C - a scroll of enchant weapon {unknown}
 E - 2 scrolls of blinking {unknown}
 F - a scroll of magic mapping {unknown}
 H - a scroll of fear {unknown}
 J - a scroll of torment {unknown}
Potions
 e - a potion of lignification {unknown}
 f - 2 potions of might {unknown}
 m - 2 potions of flight {unknown}
 n - a potion of degeneration {unknown}
 p - 2 potions of resistance {unknown}
 r - a potion of brilliance {unknown}
 w - a potion of attraction {unknown}
 z - a potion of cancellation {unknown}
 B - a potion of ambrosia {unknown}


   Skills:
 - Level 6.0 Fighting
 - Level 4.0 Long Blades
 - Level 5.0 Dodging
 - Level 2.0 Stealth
 + Level 4.4 Spellcasting
 - Level 6.0 Conjurations
 - Level 4.0 Translocations
 - Level 0.5 Ice Magic


You had 8 spell levels left.
You knew the following spells:

 Your Spells              Type           Power      Damage    Failure   Level
a - Magic Dart            Conj           100%       1d8       1%          1
b - Searing Ray           Conj           54%        2d6       1%          2
c - Iskenderun's Mystic   Conj/Tloc      23%        2d6       17%         4

Your spell library contained the following spells:

 Spells                   Type           Power      Damage    Failure   Level
 Dazzling Flash           Conj/Hex       30%        N/A       12%         3
 Scorch                   Fire           8%         2d5       21%         2
 Flame Wave               Conj/Fire      15%        2d6       36%         4
 Fulminant Prism          Conj/Hex       7%         3d7       36%         4
 Olgreb's Toxic Radiance  Pois           4%         N/A       78%         4
 Starburst                Conj/Fire      7%         6d4       99%         6
 Ozocubu's Refrigeration  Ice            3%         4d5       100%        7
 Ignition                 Fire           2%         3d3       100%        8
 Summon Cactus Giant      Summ           Unusable   N/A       N/A         6

Dungeon Overview and Level Annotations

Branches:
Dungeon (6/15)             Temple (0/1) D:6

Altars:
Ashenzari
Cheibriados
Dithmenos
Fedhas
Gozag
Hepliaklqana
Kikubaaqudgha
Makhleb
Nemelex Xobeh
Okawaru
Qazlal
Ru
Vehumet
Xom

Shops:
D:3 :

Annotations:
D:6 MisterPants's ghost, novice MiBe


Innate Abilities, Weirdness & Mutations

You can breathe waves of freezing cold which knock back foes.
Your icy white scales are hard. (AC +6)
You cannot fit into any form of body armour.
Your flesh is cold resistant. (rC+)
You are cold-blooded and may be slowed by cold attacks.


Message History

Press: ? - help, Q - select action, (/) - cycle Shift-Dir - straight line, f/p - MisterPants's ghost
Aim: MisterPants's ghost, wielding a weapon of electrocution (severely damaged, 72% to hit)
You exhale a wave of freezing cold.
The freezing breath hits MisterPants's ghost.
MisterPants's ghost is severely damaged.
MisterPants's ghost is blown backwards by the freezing wind.
Casting: Searing Ray (safe; 1% risk of failure)
Confirm with . or Enter, or press ? or * to list all spells.
You erupt in a blast of force!
The mystic blast hits MisterPants's ghost.
MisterPants's ghost is severely damaged.
MisterPants's ghost is knocked back by the mystic blast.
Casting: Iskenderun's Mystic Blast (dangerous; 17% risk of failure)
Confirm with . or Enter, or press ? or * to list all spells.
Aiming: Searing Ray (safe; 1% risk of failure)
Press: ? - help, Shift-Dir - straight line, f/p - MisterPants's ghost
Aim: MisterPants's ghost, wielding a weapon of electrocution (severely damaged, 82% to hit)
The searing ray hits MisterPants's ghost but does no damage.
MisterPants's ghost is severely damaged. (Press . to maintain the ray.)
The searing ray hits MisterPants's ghost but does no damage.
MisterPants's ghost is severely damaged.
The searing ray hits MisterPants's ghost.
MisterPants's ghost is severely damaged.
MisterPants's ghost screams, "Zot is a myth, the ORB is a fable, you'll soon be a tale!"
MisterPants's ghost barely misses you.
The searing ray hits MisterPants's ghost.
MisterPants's ghost is almost destroyed.
You finish channelling your searing ray.
MisterPants's ghost hits you but does no damage.
You hit MisterPants's ghost.
MisterPants's ghost is almost destroyed.
MisterPants's ghost hits you.
* * * LOW HITPOINT WARNING * * *
You hit MisterPants's ghost.
MisterPants's ghost is almost destroyed.
MisterPants's ghost hits you.
* * * LOW HITPOINT WARNING * * *
You are electrocuted!!
You die...

.......#...##.#.......#.....##)..
...##[.....##.........#..........
...##...##.....#.#.#.............
....#....#######.####............
.........#.♣..(#...###...........
........##.(...#.................
........##...(.'..#.###..........
.........#(....'.................
.........#..(..W@..)....).......#
.#.......#♣...$#................#
###......#.....#.................
####.....#########...............
.....#......######.......#.......
#....##......##.....#########....
#.................<.#.......##...
..................).#.>.#.>.#....
......###..#........#.......#....


You could see MisterPants's ghost.

Vanquished Creatures
  2 ice beasts
  A sky beast (D:4)
  3 black bears (D:5)
  2 ogres (D:5)
  A centaur (D:6)
  2 necrophages (D:6)
  3 scorpions (D:5)
  A jelly (D:5)
  Crazy Yiuf (D:2)
  5 orc priests
  7 hounds
  Jessica (D:2)
  5 orc wizards
  2 iguanas (D:4)
  3 gnolls (D:4)
  8 adders
  3 ufetubi
  15 orcs
  3 ball pythons
  4 endoplasms
  3 giant cockroaches
  2 goblins
  5 hobgoblins
  4 kobolds
  7 quokkas
  6 bats
  2 frilled lizards
  A rat (D:2)
102 creatures vanquished.

Vanquished Creatures (others)
  An orc wizard (D:4)
1 creature vanquished.

Grand Total: 103 creatures vanquished

Notes
Turn   | Place    | Note
-------+----------+-------------------------------------------
     0 | D:1      | RevDB the Draconian Conjurer began the quest for the Orb.
     0 | D:1      | Reached XP level 1. HP: 14/14 MP: 3/3
     9 | D:1      | Found a faded altar of an unknown god.
   390 | D:1      | Reached skill level 1 in Fighting
   407 | D:1      | Reached XP level 2. HP: 7/23 MP: 0/5
   883 | D:2      | Reached skill level 1 in Long Blades
  1362 | D:2      | Found a runed translucent door.
  1363 | D:2      | Noticed Crazy Yiuf
  1383 | D:2      | Noticed Jessica
  1438 | D:2      | Reached XP level 3. HP: 22/28 MP: 2/6
  1506 | D:2      | Killed Jessica
  1791 | D:2      | Reached XP level 4. HP: 30/35 MP: 5/7
  2119 | D:2      | Killed Crazy Yiuf
  2365 | D:3      | Found Xoyroum's Book Boutique.
  2673 | D:3      | Reached XP level 5. HP: 41/41 MP: 2/8
  3300 | D:4      | HP: 2/45 [orc/+1 flail of protection (4)]
  3639 | D:4      | Reached XP level 6. HP: 40/51 MP: 9/9
  3647 | D:4      | Reached skill level 5 in Conjurations
  3866 | D:4      | Learned a level 2 spell: Searing Ray
  3943 | D:4      | Noticed a sky beast
  3954 | D:4      | Killed a sky beast
  4217 | D:5      | Entered Level 5 of the Dungeon
  4365 | D:5      | Your scales start taking on an icy white colour.
  4365 | D:5      | Reached XP level 7. HP: 59/59 MP: 9/11
  4365 | D:5      | Gained mutation: Your flesh is cold resistant. (rC+) [White
                  | Draconian growth]
  4658 | D:5      | Reached XP level 8. HP: 67/67 MP: 14/14
  4667 | D:5      | Reached skill level 5 in Fighting
  4679 | D:5      | Found a snail-covered altar of Cheibriados.
  4797 | D:4      | Reached skill level 1 in Translocations
  4937 | D:5      | Learned a level 4 spell: Iskenderun's Mystic Blast
  5380 | D:6      | Found a staircase to the Ecumenical Temple.
  5388 | D:6      | Found a radiant altar of Vehumet.
  5412 | D:6      | Found a burning altar of Makhleb.
  5425 | D:6      | Found a shadowy altar of Dithmenos.
  5426 | D:6      | Found a sparkling altar of Nemelex Xobeh.
  5427 | D:6      | Found a shimmering altar of Xom.
  5427 | D:6      | Found a sacrificial altar of Ru.
  5427 | D:6      | Found an opulent altar of Gozag.
  5427 | D:6      | Found an iron altar of Okawaru.
  5429 | D:6      | Found a stormy altar of Qazlal.
  5430 | D:6      | Found an ancient bone altar of Kikubaaqudgha.
  5431 | D:6      | Found a broken altar of Ashenzari.
  5432 | D:6      | Found a blossoming altar of Fedhas.
  5433 | D:6      | Found a hazy altar of Hepliaklqana.
  5445 | D:6      | Became a worshipper of Warmaster Okawaru
  5703 | D:6      | Reached skill level 5 in Dodging
  5800 | D:6      | Found a runed translucent gate.
  5800 | D:6      | Found a runed translucent gate.
  5800 | D:6      | Found a runed translucent gate.
  5800 | D:6      | Noticed MisterPants's ghost (novice MiBe)
  5969 | D:6      | Mangled by MisterPants's ghost

Illustrated notes

Levels and vault maps discovered:
D:1:      spicycebolla_green_bress_n_ham, layout_rooms,
          hellmonk_ecumenical_altar_run_dry
D:2:      layout_basic, uniq_jessica, uniq_crazy_yiuf_cottage
D:3:      layout_loops_corners, serial_shops, shop
D:4:      layout_rooms
D:5:      layout_rooms, kennysheep_little_box, kennysheep_generic_room_4
D:6:      layout_cave_pools, minitemple, minmay_temple_entry_from_below_a,
          ebering_ghost_rock_garden

Skill      XL: |  1  2  3  4  5  6  7  8 |
---------------+-------------------------+-----
Dodging        | 2 3 4 5 |  5.0
Stealth        | 2 |  2.0
Fighting       | 1 2 3 4 6 |  6.0
Long Blades    | 2 3 4 |  4.0
Conjurations   | 5 6 |  6.0
Spellcasting   | 3 4 |  4.4
Translocations | 4 |  4.0
Ice Magic      | |  0.5

Action                   |  1- 3 |  4- 6 |  7- 9 || total
-------------------------+-------+-------+-------++-------
Melee: Dagger            |    31 |       |       ||    31
       Unarmed           |     6 |       |       ||     6
       Tailslap          |     3 |    22 |    19 ||    44
       Short sword       |    37 |   177 |       ||   214
       Punch             |       |     1 |     2 ||     3
       Rapier            |       |       |   102 ||   102
 Cast: Magic Dart        |    30 |    70 |    18 ||   118
       Searing Ray       |       |     6 |    18 ||    24
       Iskenderun's Myst |       |       |     5 ||     5
 Abil: Breathe Frost     |       |       |    15 ||    15
  Use: Potion            |       |     1 |     1 ||     2
 Stab: Sleeping          |     2 |     3 |       ||     5
Armor: Skin              |    27 |    67 |    66 ||   160
Dodge: Dodged            |    53 |    93 |    86 ||   232
Block: Other             |       |     6 |       ||     6
       Reflection        |       |     1 |       ||     1

Table legend: (Time is in decaauts)
 A = Elapsed time spent in this place.
 B = Non-inter-level travel time spent in this place.
 C = Inter-level travel time spent in this place.
 D = Time resting spent in this place.
 E = Time spent auto-exploring this place.
 F = Levels seen in this place.
 G = Mean time per level.
                   A        B        C        D        E       F      G
               +--------+--------+--------+--------+--------+-----+--------+
         Total |   5974 |   5837 |    137 |   1482 |   1560 |   6 |  995.7 |
       Dungeon |   5974 |   5837 |    137 |   1482 |   1560 |   6 |  995.7 |
               +--------+--------+--------+--------+--------+-----+--------+

Top non-repeatable levels by time:
     D:2: 1298 daAuts
     D:4: 1137 daAuts
     D:3: 1037 daAuts
     D:5: 876 daAuts
     D:1: 866 daAuts
     D:6: 758 daAuts
